 Dungeon Crawl Stone Soup version 0.21.1-1-g345015fe64 (webtiles) character file.

201222 Oravi the Spry (level 18, -3/193 HPs)
             Began as a Merfolk Transmuter on May 5, 2018.
             Was a High Priest of Okawaru.
             Killed from afar by a shock serpent (8 damage)
             ... with a bolt of electricity
             ... on level 3 of the Snake Pit on May 6, 2018.
             The game lasted 05:20:09 (41623 turns).

Oravi the Spry (Merfolk Transmuter)                Turns: 41623, Time: 05:20:09

Health: -3/193     AC: 30    Str: 11    XL:     18   Next: 54%
Magic:  35/35      EV: 30    Int: 18    God:    Okawaru [*****.]
Gold:   2591       SH:  0    Dex: 16    Spells: 10/43 levels left

rFire    . . .     SeeInvis +     - Unarmed
rCold    . . .     Gourm    .   (no shield)
rNeg     + . .     Faith    .   (armour currently unavailable)
rPois    ∞         Spirit   .   T - +0 helmet {SInv}
rElec    +         Reflect  .   W - +2 cloak {+Inv}
rCorr    .         Harm     .   (gloves currently unavailable)
MR       +....                  (boots currently unavailable)
Stlth    +.........             c - amulet of regeneration
HPRegen  0.82/turn              H - +3 ring of evasion
MPRegen  0.24/turn              m - +5 ring of slaying

@: confused, statue-form, heroism, constricted, very slow
A: (change form in water), (swift swim), (stealthy swim)
}: 1/15 runes: decaying
a: End Transformation, Heroism, Finesse, Renounce Religion, Evoke Invisibility


You were on level 3 of the Snake Pit.
You worshipped Okawaru.
Okawaru was extremely pleased with you.
You were not hungry.
You were a stone statue.
You visited 6 branches of the dungeon, and saw 31 of its levels.

You collected 3043 gold pieces.
You spent 452 gold pieces at shops.

Inventory:

Missiles
 a - 72 arrows
Armour
 b - the +2 leather armour of Dice, Bag, and Bottle (melded) {rC- Dex+8}
   (You found it on level 4 of the Lair of Beasts)

   It affects your dexterity (+8).
   It makes you vulnerable to cold.
 f - a +0 cloak of magic resistance
 w - a +2 robe of magic resistance
 E - a +2 robe of fire resistance
 I - a +2 robe of cold resistance
 Q - a +1 pair of boots (melded)
 S - a +2 leather armour of poison resistance
 T - a +0 helmet of see invisible (worn)
 U - a +2 pair of gloves of archery (melded)
 W - a +2 cloak of invisibility (worn)
Magical Staves
 o - an uncursed staff of poison
 t - an uncursed staff of power
 R - an uncursed staff of cold
Jewellery
 c - an amulet of regeneration (around neck)
 j - an uncursed ring of protection from fire
 k - a +2 ring of protection
 m - a +5 ring of slaying (right hand)
 s - an uncursed ring of positive energy
 A - an uncursed ring of ice
 D - an uncursed ring of ice
 H - a +3 ring of evasion (left hand)
 J - an uncursed ring of wizardry
 M - a +2 ring of intelligence
 N - an uncursed ring of positive energy
 P - an uncursed amulet of the gourmand
Wands
 e - a wand of acid (5)
 h - a wand of iceblast (11)
 q - a wand of digging (31)
Scrolls
 g - 22 scrolls of remove curse
 l - 2 scrolls of magic mapping
 p - 8 scrolls of teleportation
 r - 5 scrolls of identify
 y - a scroll of enchant weapon
 O - 2 scrolls of fog
Potions
 i - 9 potions of agility
 n - 8 potions of curing
 v - 2 potions of cancellation
 x - 4 potions of flight
 B - 5 potions of brilliance
 C - 3 potions of haste
 K - 3 potions of invisibility
 L - 3 potions of resistance
 V - 4 potions of might
 Z - a potion of ambrosia
Miscellaneous
 u - a crystal ball of energy
Comestibles
 d - 49 rations


   Skills:
 + Level 15.0(20.0) Fighting
 + Level 17.6(22.6) Dodging
 + Level 15.5(20.5) Unarmed Combat
 + Level 13.0 Spellcasting
 - Level 5.0 Hexes
 + Level 15.2 Transmutations
 - Level 5.0 Ice Magic
 + Level 6.5 Earth Magic
 - Level 3.0 Poison Magic
 - Level 8.0 Invocations


You had 10 spell levels left.
You knew the following spells:

 Your Spells              Type           Power        Failure   Level  Hunger
a - Spider Form           Tmut/Pois      #####.....   1%          3    None
b - Sticks to Snakes      Tmut           ######..     0%          2    None
c - Ice Form              Ice/Tmut       #####...     1%          4    #......
d - Blade Hands           Tmut           ######....   1%          5    ####...
e - Petrify               Tmut/Erth      ######..     1%          4    #......
f - Yara's Violent Unrav  Hex/Tmut       #####.....   2%          5    ####...
g - Ensorcelled Hibernat  Hex/Ice        ####..       1%          2    None
h - Statue Form           Tmut/Erth      ######...    10%         6    ######.
i - Blink                 Tloc           N/A          9%          2    None


Dungeon Overview and Level Annotations

Branches:
Dungeon (15/15)            Temple (1/1) D:5            Lair (6/6) D:9
  Swamp (4/4) Lair:2        Snake (3/4) Lair:2        Slime (0/5) Lair:6
    Orc (2/2) D:10            Elf (0/3) Orc:2        Vaults (0/5) D:14
 Depths (0/5) D:15

Altars:
Cheibriados
Dithmenos
Elyvilon
Fedhas
Gozag
Kikubaaqudgha
Makhleb
Nemelex Xobeh
Okawaru
Qazlal
Ru
Sif Muna
Trog
Uskayaw
Vehumet
Wu Jian
Xom
Yredelemnul
Zin
The Shining One
Beogh
Jiyva

Shops:
D:12 [   Orc:2 ?!:[

Annotations:
D:13 3 runed doors, exclusion: orange crystal statue


Message History

The shock serpent completely resists.
A shock serpent comes into view.
You pulverise the shock serpent!!!
The shock serpent is almost dead.
The shock serpent's electric aura discharges violently, shocking you!
* * * LOW HITPOINT WARNING * * *
You hear a shout!
The shock serpent shoots out a bolt of lightning at you!
The bolt of electricity hits you! You resist.
* * * LOW HITPOINT WARNING * * *
The bolt of electricity misses the shock serpent.
The bolt of electricity hits the shock serpent.
The shock serpent completely resists.
The bolt of electricity hits you! You resist.
* * * LOW HITPOINT WARNING * * *
The bolt of electricity hits the shock serpent.
The shock serpent completely resists.
The shock serpent shoots out a bolt of lightning at you!
The bolt of electricity hits you! You resist.
You die...

..... ..N....
..#
#........... #.
#...... #..
....$# ## #..
.....#
...#..##.....
...........
..>......#
#....S8S#
####...N......
#...#......
#####.#..S.S###
## . ....... .#
....N.... ...
..#''''' ...
.##..<..##...
'....N.SSS..


You could see a naga warrior, a nagaraja and 3 shock serpents.

Vanquished Creatures
  Vashnia (Snake:2)
  Nikola (Swamp:4)
  Rupert (D:11)
  A tentacled monstrosity (Swamp:4)
  Frances (Snake:2)
  Kirke (Lair:6)
  2 thorn hunters (Swamp:4)
  6 nagarajas
  Roxanne (D:14)
  A frost giant (D:15)
  2 orc warlords (Orc:1)
  Aizul (Snake:1)
  The ghost of Tegun the Cleaver, a journeyman OgSk (Lair:6)
  2 very ugly things (Swamp:4)
  A dire elephant (Lair:6)
  Azrael (D:14)
  2 green deaths (Swamp:4)
  Josephine (D:15)
  Erolcha (D:11)
  A naga warrior (Snake:3)
  11 hydras
  A vault guard (D:14)
  2 catoblepae
  4 ghost crabs
  4 centaur warriors
  8 two-headed ogres
  Erica (D:9)
  4 alligators
  5 anacondas
  2 ogre magi (Orc:2)
  Urug (D:10)
  14 death yaks
  2 thrashing horrors (Swamp:4)
  A deep troll shaman (Lair:6)
  10 naga sharpshooters
  3 shock serpents
  Sonja (D:14)
  Nergalle (Orc:2)
  A skeletal warrior (D:15)
  A sea snake (Snake:1)
  2 unseen horrors
  A naga ritualist (Snake:3)
  A wizard (D:14)
  7 swamp dragons (Swamp:4)
  5 orc knights (Orc:1)
  4 shambling mangroves
  A deep elf mage (D:14)
  4 mana vipers
  9 cyclopes
  10 orc sorcerers
  12 ugly things
  7 salamanders
  2 manticores
  4 elephants (Lair:6)
  11 naga magi
  Psyche (D:9)
  4 centaur zombies
  3 orange demons (Swamp:4)
  A guardian serpent (Snake:3)
  14 black mambas
  12 spiny frogs
  4 gargoyles
  2 kobold demonologists (D:14)
  5 komodo dragons
  A rime drake (Lair:6)
  2 yaktaurs
  10 trolls
  7 polar bears
  8 blink frogs (Lair:6)
  17 hornets
  14 bog bodies
  7 tyrant leeches
  6 hippogriffs
  42 slime creatures
  A spriggan (shapeshifter) (D:14)
  Sigmund (D:5)
  5 centaur simulacra (D:13)
  17 flying skulls (D:15)
  2 shadows (Swamp:4)
  4 spriggans
  4 wraiths
  55 yaks
  A vampire (D:11)
  2 wyverns
  3 fire elementals (D:14)
  20 humans (D:14)
  A basilisk (Lair:2)
  A hog (Lair:6)
  Eustachio (D:5)
  25 vampire mosquitoes
  8 insubstantial wisps
  The ghost of htuhola the Firebug, an amateur DsFE (D:4)
  15 water moccasins
  Edmund (D:4)
  6 wargs
  19 swamp worms
  3 hell hounds (D:14)
  Duvessa (D:5)
  24 nagas
  8 porcupines
  6 swamp drakes
  2 sky beasts
  2 phantoms
  A hornet zombie (D:14)
  33 orc warriors
  5 black bears
  8 ice beasts
  20 ogres
  An eye of draining (D:14)
  17 wolves
  6 necrophages (Lair:4)
  18 centaurs
  7 crocodiles
  A big kobold (D:14)
  7 gnoll sergeants
  10 bullfrogs
  Dowan (D:5)
  7 scorpions
  3 wights (D:13)
  3 killer bees (D:10)
  2 electric eels
  6 crimson imps
  2 quasits
  3 centaur skeletons
  2 jellies
  17 orc priests
  A bullfrog zombie (D:11)
  35 orc wizards
  7 hounds
  A small abomination (Swamp:4)
  3 bullfrog skeletons
  Jessica (D:8)
  4 iguanas
  Natasha (thrice) (D:2)
  11 worker ants
  2 bullfrog simulacra (D:13)
  A howler monkey skeleton (D:4)
  9 adders
  6 gnolls
  5 shadow imps
  5 white imps (D:13)
  2 ufetubi (D:13)
  An ooze (D:4)
  An adder skeleton (D:4)
  2 worms (D:3)
  3 dart slugs
  3 leopard geckos
  72 orcs
  3 ball pythons
  4 giant cockroaches
  12 goblins
  8 hobgoblins
  9 jackals
  9 kobolds
  7 quokkas
  7 bats
  7 frilled lizards
  A giant cockroach zombie (D:5)
  8 rats
1018 creatures vanquished.

Vanquished Creatures (collateral kills)
  A hydra (Lair:6)
  A death yak (Lair:6)
  A shock serpent (Snake:2)
  2 basilisks
  A hog (Lair:6)
  A fungus (Lair:6)
7 creatures vanquished.

Vanquished Creatures (others)
  A centaur zombie (D:14)
  An orange demon (Swamp:4)
  2 orcs
  A briar patch (Swamp:4)
  3 plants (Lair:5)
8 creatures vanquished.

Grand Total: 1033 creatures vanquished

Notes
Turn   | Place    | Note
-------+----------+-------------------------------------------
     0 | D:1      | Oravi the Merfolk Transmuter began the quest for the Orb.
     0 | D:1      | Reached XP level 1. HP: 15/15 MP: 3/3
   277 | D:1      | Reached XP level 2. HP: 21/21 MP: 3/5
   854 | D:1      | Reached XP level 3. HP: 22/26 MP: 4/6
   858 | D:1      | Learned a level 2 spell: Sticks to Snakes
   862 | D:1      | Learned a level 3 spell: Spider Form
  1074 | D:2      | Noticed Natasha
  1081 | D:2      | Killed Natasha
  1086 | D:2      | Reached XP level 4. HP: 11/32 MP: 4/7
  1117 | D:2      | Noticed Natasha
  1301 | D:2      | Killed Natasha
  1301 | D:2      | Reached skill level 3 in Dodging
  1591 | D:2      | Noticed Natasha
  1598 | D:2      | Killed Natasha
  1598 | D:2      | Reached skill level 1 in Poison Magic
  1598 | D:2      | Reached XP level 5. HP: 31/38 MP: 4/8
  1650 | D:2      | Found a stormy altar of Qazlal.
  1864 | D:3      | Noticed an ice beast
  1941 | D:3      | Killed an ice beast
  1941 | D:3      | Reached XP level 6. HP: 16/44 MP: 5/9
  2437 | D:3      | Reached skill level 5 in Transmutations
  2666 | D:4      | Reached skill level 4 in Dodging
  2736 | D:4      | Noticed htuhola's ghost (amateur DsFE)
  2802 | D:4      | Reached skill level 5 in Unarmed Combat
  2807 | D:4      | Noticed Edmund
  2818 | D:4      | Reached XP level 7. HP: 39/51 MP: 6/11
  2829 | D:4      | Killed Edmund
  3018 | D:4      | Got a warped leather armour
  3108 | D:4      | Reached skill level 5 in Dodging
  3108 | D:4      | Reached XP level 8. HP: 58/59 MP: 6/13
  3550 | D:5      | Entered Level 5 of the Dungeon
  3651 | D:5      | Found a sparkling altar of Nemelex Xobeh.
  3824 | D:5      | Found a staircase to the Ecumenical Temple.
  3854 | Temple   | Entered the Ecumenical Temple
  3943 | Temple   | Became a worshipper of Warmaster Okawaru
  4016 | D:5      | Identified the +0 leather armour "Yheahan" {-Tele +Inv rPois Str-2} (You found it on level 4 of the Dungeon)
  4106 | D:5      | Found a sacrificial altar of Ru.
  4167 | D:5      | Noticed Duvessa
  4174 | D:5      | Noticed Dowan
  4184 | D:5      | Killed Duvessa
  4188 | D:5      | Killed Dowan
  4207 | D:5      | Noticed Sigmund
  4224 | D:5      | Killed Sigmund
  4224 | D:5      | Reached * piety under Okawaru
  4245 | D:5      | Noticed Eustachio
  4300 | D:5      | Killed Eustachio
  4300 | D:5      | Reached skill level 6 in Dodging
  4614 | D:6      | Reached XP level 9. HP: 57/67 MP: 13/15
  4696 | D:6      | Reached skill level 5 in Fighting
  4932 | D:6      | Reached ** piety under Okawaru
  5612 | D:6      | Found a snail-covered altar of Cheibriados.
  5690 | D:7      | Reached skill level 7 in Dodging
  5761 | D:7      | Learned a level 4 spell: Ice Form
  5767 | D:7      | Learned a level 5 spell: Blade Hands
  5928 | D:7      | Reached skill level 5 in Spellcasting
  6499 | D:8      | Noticed a gargoyle
  6535 | D:8      | Killed a gargoyle
  6554 | D:8      | Noticed a two-headed ogre
  6569 | D:8      | Killed a two-headed ogre
  6569 | D:8      | Reached *** piety under Okawaru
  6569 | D:8      | Reached skill level 8 in Dodging
  6569 | D:8      | Reached XP level 10. HP: 35/77 MP: 12/18
  6905 | D:8      | Noticed Jessica
  6910 | D:8      | Killed Jessica
  6918 | D:8      | Found a deep blue altar of Sif Muna.
  7019 | D:8      | Found a radiant altar of Vehumet.
  7733 | D:9      | Found a sacrificial altar of Ru.
  7742 | D:9      | Noticed a two-headed ogre
  7752 | D:9      | Killed a two-headed ogre
  7793 | D:9      | Noticed Erica
  7804 | D:9      | Killed Erica
  7804 | D:9      | Reached **** piety under Okawaru
  7874 | D:9      | Reached skill level 9 in Dodging
  7960 | D:9      | Noticed Psyche
  7978 | D:9      | Killed Psyche
  8018 | D:9      | Found a staircase to the Lair.
  8547 | D:10     | Entered Level 10 of the Dungeon
  8564 | D:10     | Noticed a green ugly thing
  8607 | D:10     | Noticed Urug
  8646 | D:10     | Killed Urug
  8646 | D:10     | Reached ***** piety under Okawaru
  8646 | D:10     | Reached skill level 10 in Transmutations
  8672 | D:10     | Found a staircase to the Orcish Mines.
  8973 | Lair:1   | Entered Level 1 of the Lair of Beasts
  9088 | Lair:1   | Noticed a spiny frog
  9104 | Lair:1   | Killed a spiny frog
  9104 | Lair:1   | Reached XP level 11. HP: 41/86 MP: 17/21
  9105 | Lair:1   | Reached skill level 1 in Ice Magic
  9914 | Lair:1   | Noticed an eight-headed hydra
 10129 | Lair:1   | Killed an eight-headed hydra
 10178 | Lair:1   | Reached skill level 10 in Dodging
 10270 | Lair:1   | Received a gift from Okawaru
 10869 | Lair:2   | Received a gift from Okawaru
 11355 | Lair:2   | Found a staircase to the Swamp.
 11662 | Lair:2   | Found a staircase to the Snake Pit.
 11672 | Lair:2   | Reached XP level 12. HP: 94/94 MP: 4/23
 12124 | Lair:1   | Reached skill level 10 in Unarmed Combat
 12721 | Lair:3   | Reached skill level 11 in Dodging
 12727 | Lair:3   | Received a gift from Okawaru
 12728 | Lair:3   | Got an ancient broad axe {god gift}
 13428 | Lair:4   | Reached skill level 5 in Ice Magic
 13665 | Lair:4   | Reached ****** piety under Okawaru
 14139 | Lair:4   | Got a shimmering leather armour
 14140 | Lair:4   | Identified the +2 leather armour of Dice, Bag, and Bottle {rC- Dex+8} (You found it on level 4 of the Lair of Beasts)
 14318 | Lair:5   | Noticed a death yak
 14318 | Lair:5   | Noticed a death yak
 14319 | Lair:5   | Noticed a death yak
 14319 | Lair:5   | Noticed a death yak
 14319 | Lair:5   | Noticed a death yak
 14584 | Lair:4   | Killed a death yak
 14635 | Lair:4   | Killed a death yak
 14635 | Lair:4   | Received a gift from Okawaru
 14638 | Lair:4   | Killed a death yak
 14931 | Lair:5   | Killed a death yak
 14935 | Lair:5   | Killed a death yak
 14935 | Lair:5   | Reached skill level 10 in Fighting
 15040 | Lair:5   | Reached skill level 12 in Dodging
 15106 | Lair:5   | Reached XP level 13. HP: 101/101 MP: 25/25
 15466 | Lair:5   | Found a snail-covered altar of Cheibriados.
 15987 | Lair:6   | Entered Level 6 of the Lair of Beasts
 16368 | Lair:6   | Noticed Tegun's ghost (journeyman OgSk)
 16493 | Lair:6   | Received a gift from Okawaru
 16843 | Lair:6   | Found a viscous altar of Jiyva.
 16843 | Lair:6   | Found a staircase to the Slime Pits.
 16924 | Lair:6   | Killed Tegun's ghost
 17005 | Lair:6   | Noticed Kirke
 17032 | Lair:6   | Killed Kirke
 17596 | Lair:6   | Reached skill level 13 in Dodging
 17607 | Lair:6   | Received a gift from Okawaru
 18340 | Lair:6   | Reached XP level 14. HP: 63/111 MP: 17/27
 18695 | Lair:6   | Noticed a dire elephant
 18797 | Lair:6   | Killed a dire elephant
 19270 | D:4      | Killed htuhola's ghost
 19462 | D:9      | Learned a level 2 spell: Ensorcelled Hibernation
 20110 | D:10     | Reached skill level 1 in Hexes
 20503 | D:10     | Reached skill level 1 in Invocations
 20737 | D:10     | Reached skill level 10 in Spellcasting
 20995 | D:11     | Noticed Erolcha
 21000 | D:11     | Killed Erolcha
 21243 | D:11     | Received a gift from Okawaru
 21700 | D:11     | Found the +7 lajatang of Order {silver, rMut}
 22326 | D:12     | Noticed Rupert
 22379 | D:11     | Killed Rupert
 22619 | D:12     | Received a gift from Okawaru
 22866 | D:12     | Found Maweh's Antique Armour Shoppe.
 22944 | D:12     | Found a roughly hewn altar of Beogh.
 23240 | D:13     | Reached skill level 14 in Dodging
 23617 | D:13     | Found a runed door.
 23656 | D:13     | Found a large runed door.
 23656 | D:13     | Found a large runed door.
 23735 | D:12     | Learned a level 5 spell: Yara's Violent Unravelling
 24026 | D:13     | Reached XP level 15. HP: 118/118 MP: 25/29
 24912 | D:14     | Received a gift from Okawaru
 24932 | D:14     | Got a twisted halberd {god gift}
 24945 | D:14     | Noticed Roxanne
 25089 | D:14     | Reached skill level 5 in Invocations
 25449 | D:14     | Noticed Sonja
 25458 | D:14     | Noticed Azrael
 25894 | Orc:1    | Entered Level 1 of the Orcish Mines
 25904 | Orc:1    | Reached skill level 5 in Hexes
 26059 | Orc:1    | Found a radiant altar of Vehumet.
 26200 | Orc:1    | Received a gift from Okawaru
 26238 | Orc:1    | Noticed an orc warlord
 26288 | Orc:1    | Killed an orc warlord
 26466 | Orc:1    | Noticed an orc warlord
 26581 | Orc:1    | Killed an orc warlord
 26907 | Orc:1    | Identified the Incunabulum of Curses and Good Luck
 27053 | D:9      | Identified the +5 halberd of Corporal Punishment {venom, Str+5 Dex+6} (Okawaru gifted it to you on level 14 of the Dungeon)
 27309 | Orc:1    | Identified the Disquisition on the Spatial Mountains
 27327 | Orc:1    | Learned a level 4 spell: Petrify
 27358 | Orc:2    | Entered Level 2 of the Orcish Mines
 27435 | Orc:2    | Found a staircase to the Elven Halls.
 27922 | Orc:2    | Found Ceicatuc's Antique Armour Emporium.
 27928 | Orc:2    | Paralysed by an orc sorcerer for 7 turns
 27938 | Orc:2    | Reached skill level 15 in Dodging
 27940 | Orc:2    | Reached skill level 1 in Earth Magic
 28082 | Orc:2    | Found an ancient bone altar of Kikubaaqudgha.
 28085 | Orc:2    | Noticed Nergalle
 28098 | Orc:2    | Killed Nergalle
 28145 | Orc:2    | Found a radiant altar of Vehumet.
 28169 | Orc:2    | Found Kuosidot's Distillery.
 28177 | Orc:2    | Bought a potion of heal wounds for 50 gold pieces
 28177 | Orc:2    | Bought a potion of heal wounds for 50 gold pieces
 28293 | Orc:2    | Paralysed by an orc sorcerer for 4 turns
 28365 | Orc:2    | Found a roughly hewn altar of Beogh.
 28388 | Orc:2    | Found Wovirch's Book Shoppe.
 28391 | Orc:2    | Found Datsak's Magic Scroll Emporium.
 28894 | D:14     | Reached XP level 16. HP: 127/127 MP: 31/31
 28973 | D:14     | Found a gate to the Vaults.
 29129 | D:14     | Killed Sonja
 29181 | D:14     | Killed Azrael
 29181 | D:14     | Received a gift from Okawaru
 29351 | D:15     | Entered Level 15 of the Dungeon
 29930 | D:15     | Noticed Josephine
 29939 | D:15     | Killed Josephine
 30055 | D:15     | Found the +3 giant club "Skullcrusher" {speed, Str+7}
 30369 | D:15     | Found a staircase to the Depths.
 30516 | D:14     | Killed Roxanne
 30885 | Orc:2    | Bought a runed cloak for 247 gold pieces
 31269 | Orc:2    | Bought a scroll of enchant armour for 105 gold pieces
 31502 | Swamp:1  | Entered Level 1 of the Swamp
 31691 | Swamp:1  | Paralysed by a hornet for 1 turns
 32101 | Swamp:1  | You fall through a shaft!
 32880 | Swamp:2  | Paralysed by a hornet for 2 turns
 33120 | Swamp:2  | Received a gift from Okawaru
 33121 | Swamp:2  | Got an iridescent quarterstaff {god gift}
 33346 | Swamp:3  | Reached skill level 16 in Dodging
 34344 | Swamp:4  | Entered Level 4 of the Swamp
 34356 | Swamp:4  | Reached XP level 17. HP: 136/136 MP: 32/32
 34611 | Swamp:3  | Received a gift from Okawaru
 35048 | Swamp:4  | Reached skill level 5 in Earth Magic
 36401 | Swamp:4  | Noticed a tentacled monstrosity
 36407 | Swamp:4  | Killed a tentacled monstrosity
 36817 | Swamp:4  | Noticed Nikola
 36870 | Swamp:4  | Killed Nikola
 36870 | Swamp:4  | Received a gift from Okawaru
 37470 | Swamp:4  | Got a decaying rune of Zot
 37505 | Swamp:4  | Reached skill level 15 in Unarmed Combat
 37768 | D:9      | Learned a level 6 spell: Statue Form
 37823 | Snake:1  | Entered Level 1 of the Snake Pit
 38290 | Snake:1  | Reached skill level 17 in Dodging
 38743 | Snake:1  | You fall through a shaft!
 39273 | Snake:2  | Reached XP level 18. HP: 147/147 MP: 34/34
 39404 | Snake:2  | Noticed Aizul
 39666 | Snake:2  | Noticed Vashnia
 40202 | Snake:1  | Killed Aizul
 40513 | Snake:2  | HP: 7/147 [naga sharpshooter/splash of poison[Vashnia] (1)]
 40790 | Snake:2  | Noticed Frances
 40805 | Snake:2  | Killed Frances
 40805 | Snake:2  | Received a gift from Okawaru
 40880 | Snake:2  | Killed Vashnia
 40880 | Snake:2  | Reached skill level 15 in Transmutations
 41360 | D:9      | Learned a level 2 spell: Blink
 41531 | Snake:3  | Reached skill level 15 in Fighting
 41565 | Snake:3  | Received a gift from Okawaru
 41623 | Snake:3  | HP: 4/193 [shock serpent/electric aura (8)]
 41623 | Snake:3  | Killed from afar by a shock serpent

Skill      XL: |  1  2  3  4  5  6  7  8  9 10 11 12 13 14 15 16 17 18 |
---------------+-------------------------------------------------------+-----
Transmutations | 3 4 5 6 7 9 10 11 12 13 14 15 | 15.2
Unarmed Combat | 4 5 6 7 8 9 10 12 13 14 15 | 15.5
Dodging        | 3 4 5 6 8 9 10 12 13 14 15 16 17 | 17.6
Poison Magic   | 1 2 3 |  3.0
Fighting       | 2 3 4 6 7 8 10 11 12 13 14 15 | 15.0
Spellcasting   | 3 4 5 6 7 8 9 10 11 12 13 | 13.0
Ice Magic      | 4 5 |  5.0
Hexes          | 4 5 |  5.0
Invocations    | 4 6 8 |  8.0
Earth Magic    | 1 4 6 |  6.5

Action                   |  1- 3 |  4- 6 |  7- 9 | 10-12 | 13-15 | 16-18 || total
-------------------------+-------+-------+-------+-------+-------+-------++-------
Melee: Unarmed           |    56 |   125 |   217 |   441 |  1171 |  1009 ||  3019
       Headbutt          |     7 |       |       |       |       |       ||     7
       Punch             |       |     2 |       |     5 |    35 |    74 ||   116
       Staff             |       |       |       |       |    11 |    17 ||    28
       Tailslap          |       |       |       |       |     1 |    34 ||    35
 Cast: Beastly Appendage |    12 |       |       |       |       |       ||    12
       Spider Form       |     1 |    26 |    44 |    38 |    75 |     2 ||   186
       Blade Hands       |       |       |     1 |     3 |    63 |   104 ||   171
       Sticks to Snakes  |       |       |       |    22 |    66 |    19 ||   107
       Ice Form          |       |       |       |    16 |     7 |    14 ||    37
       Ensorcelled Hiber |       |       |       |       |    18 |       ||    18
       Petrify           |       |       |       |       |    13 |   182 ||   195
       Yara's Violent Un |       |       |       |       |     5 |     4 ||     9
       Statue Form       |       |       |       |       |       |     7 ||     7
Invok: Heroism           |       |       |     1 |    14 |    29 |    35 ||    79
       Finesse           |       |       |       |       |       |     4 ||     4
 Abil: End Transformatio |       |       |       |     4 |    46 |    43 ||    93
Evoke: Wand              |       |       |       |     1 |     2 |       ||     3
  Use: Scroll            |       |     8 |     2 |    17 |     5 |     6 ||    38
       Potion            |       |       |       |     5 |       |    12 ||    17
 Stab: Sleeping          |     1 |     1 |     2 |     1 |     4 |     2 ||    11
       Distracted        |       |       |       |     1 |     2 |     1 ||     4
       Petrified         |       |       |       |       |    18 |   135 ||   153
       Petrifying        |       |       |       |       |       |    13 ||    13
  Eat: Chunk             |     1 |     9 |    12 |    21 |    57 |    34 ||   134
       Ration            |       |       |     1 |     3 |     1 |    12 ||    17
Armor: Robe              |     8 |     3 |     7 |     2 |       |       ||    20
       Skin              |     2 |     8 |     5 |    31 |    17 |    62 ||   125
       Leather armour    |       |       |       |     3 |    48 |    46 ||    97
Dodge: Dodged            |    29 |    89 |   150 |   414 |  1300 |  1099 ||  3081
